Map: Catalyseur EC

Players

HoldTheDoor - Winner!

  • Race: Protoss Protoss
  • League: Diamond
  • Spawn Location: 5:00

GoGo

  • Race: Protoss Protoss
  • League: Platinum
  • Spawn Location: 11:00

VOD

Have the link to the VOD?

Description

Time

  • Played on: July 14, 2018, 3:01 p.m.
  • Length: 7:18
Show
View Real Time Build Order
Export as new Build Order

HoldTheDoor Protoss - Winner!

Build Orders: Oracle Opening 

Get SALT Encoding   

  12  0:00  Probe  
  13  0:13  Probe  
  14  0:19  Pylon  
  14  0:25  Probe  
  15  0:36  Probe  
  15  0:37  Forge  
  16  0:44  Probe  
  17  0:56  Pylon  
  17  0:57  Probe  
  18  1:25  Assimilator  
  18  1:28  Gateway  
  18  1:31  Probe  
  18  1:36  Assimilator  
  18  1:39  Probe  
  20  1:48  Probe  
  21  1:56  Pylon  
  21  2:00  Probe  
  22  2:12  Probe  
  23  2:18  Cybernetics Core  
  23  2:21  Pylon  
  23  2:24  Probe  
  24  2:36  Probe  
  25  2:37  Pylon  
  25  2:48  Probe  
  26  2:55  Stargate  
  26  2:56  Stalker  
  26  3:01  Warp Gate  
  26  3:02  Probe  
  29  3:14  Probe  
  29  3:19  Stalker  
  32  3:29  Oracle  
  32  3:33  Probe  
  36  3:45  Probe  
  37  3:49  Stalker  
  39  3:57  Probe  
  40  4:07  Nexus  
  40  4:10  Void Ray  
  44  4:43  Void Ray  
  41  4:46  Probe  
  39  4:58  Probe  
  44  5:01  Gateway  
  44  5:10  Probe  
  45  5:17  Void Ray  
  45  5:23  Probe  
  50  5:29  Pylon  
  50  5:32  Pylon  
  50  5:34  Probe  
  50  5:35  Probe  
  52  5:38  Shield Battery  
  52  5:45  Shield Battery  
  52  5:47  Probe x2  
  54  5:50  Pylon  
  52  5:59  Probe  
  52  6:02  Void Ray  
  53  6:05  Pylon  
  57  6:24  Stargate  
  57  6:30  Probe x2  
  59  6:35  Forge  
  59  6:36  Stalker  
Show
View Real Time Build Order
Export as new Build Order

GoGo Protoss 

Build Orders: Oracle Opening 

Get SALT Encoding   

  1  0:00  Probe  
  12  0:05  Probe  
  14  0:21  Pylon  
  14  0:23  Probe  
  15  0:39  Probe  
  16  0:45  Forge  
  16  0:53  Probe  
  17  0:57  Pylon  
  17  1:11  Gateway  
  17  1:12  Pylon  
  16  1:25  Probe  
  16  1:27  Assimilator  
  17  1:52  Assimilator  
  17  2:00  Probe  
  17  2:03  Cybernetics Core  
  17  2:04  Zealot, Pylon  
  17  2:08  Probe  
  21  2:18  Probe  
  22  2:30  Probe, Pylon  
  23  2:40  Stalker  
  25  2:45  Gateway  
  25  3:00  Stargate  
  25  3:05  Warp Gate  
  25  3:08  Probe  
  26  3:23  Stalker  
  26  3:25  Probe  
  29  3:27  Pylon  
  29  3:35  Oracle  
  29  3:42  Pylon  
  32  3:52  Shield Battery  
  32  3:53  Probe  
  33  4:03  Oracle  
  33  4:04  Pylon  
  33  4:09  Probe  
  36  4:55  Probe  
  37  5:00  Nexus  
  37  5:02  Pylon  
  37  5:08  Probe  
  38  5:27  Probe  
  39  5:39  Probe  
  39  5:40  Robotics Facility  
  40  5:43  Robotics Facility  
  40  5:51  Probe  
  41  6:03  Probe  
  42  6:06  Stalker x2  
  42  6:08  Probe  
  46  6:12  Probe, Gateway  
  46  6:17  Probe  
  48  6:20  Probe, Gateway  
  48  6:22  Pylon  
  50  6:26  Probe  
  50  6:30  Probe  
  50  6:32  Observer  
  53  6:33  Observer  
  53  6:38  Probe  
  53  6:39  Pylon  
  55  6:42  Probe  
  55  6:46  Probe  
  57  6:54  Probe  
Tags
 
Add a new tag
Caveats
  • Supply blocks, unpowered buildings, or Contaminate may cause inaccurate times.
  • Supply counts are checked every 10 seconds.